Get step-by-step instructions on how to execute this build order below. Start the game timer, and the build order will tick by so you can play in parallel with StarCraft on a second screen or mobile device.

Game Time

  0:00

Last Step

  N/A

Next Step

Upcoming Step



Don't want to look back and forth between 2 screens? Try out our Overwolf App, the Spawning Tool Build Advisor to get an in-game overlay with this build!

Complete Build Order

  12  0:00  Probe  
  13  0:12  Probe  
  14  0:17  Pylon  
  14  0:24  Probe (Chrono Boost)  
  15  0:37  Probe (Chrono Boost), Gateway  
  16  0:43  Probe (Chrono Boost)  
  16  0:46  Assimilator  
  17  0:52  Probe (Chrono Boost)  
  17  0:55  Assimilator  
  19  1:04  Probe (Chrono Boost)  
  19  1:13  Probe (Chrono Boost)  
  19  1:16  Gateway  
  20  1:18  Probe  
  21  1:26  Cybernetics Core  
  21  1:30  Probe  
  22  1:35  Pylon  
  22  1:42  Probe  
  23  1:55  Probe  
  23  2:00  Warp Gate (Chrono Boost)  
  24  2:03  Stalker  
  24  2:04  Stalker  
  24  2:07  Probe  
  29  2:14  Pylon  
  29  2:19  Probe  
  30  2:31  Probe  
  35  2:43  Probe  
  32  2:46  Nexus  
  32  2:55  Twilight Council  
  32  2:58  Probe  
  33  3:07  Shield Battery  
  33  3:10  Probe  
  34  3:16  Pylon  
  34  3:23  Probe  
  35  3:34  Stargate  
  35  3:35  Probe  
  35  3:39  Blink  
  36  3:44  Adept  
  36  3:46  Adept  
  40  3:50  Probe  
  41  3:58  Forge  
  41  4:03  Probe x2 (Chrono Boost)  
  43  4:13  Probe (Chrono Boost)  
  43  4:14  Probe (Chrono Boost)  
  43  4:15  Oracle (Chrono Boost)  
  45  4:19  Probe  
  45  4:21  Probe  
  50  4:27  Protoss Ground Weapons Level 1 (Chrono Boost)  
  50  4:31  Probe  
  51  4:33  Probe  
  52  4:43  Probe  
  53  4:45  Probe  
  53  4:49  Oracle  
  53  4:50  Gateway  
  57  4:54  Gateway  
  57  4:55  Probe  
  57  4:58  Probe, Assimilator  
  59  5:02  Stalker  
  61  5:09  Pylon  
  61  5:17  Nexus  
  61  5:19  Probe  
  60  5:22  Stalker  
  62  5:30  Gateway, Stalker  
  62  5:35  Robotics Facility  
  64  5:41  Probe x2  
  66  5:53  Probe  
  66  5:54  Probe  
  68  5:58  Stalker  
  68  6:02  Pylon  
  70  6:05  Probe  
  70  6:06  Probe  
  70  6:15  Pylon  
  70  6:17  Pylon  
  70  6:20  Probe x2  
  70  6:21  Shield Battery  
  70  6:23  Stalker x3  
  78  6:29  Probe, Observer (Chrono Boost)  
  78  6:32  Probe x2, Stalker x2  
  86  6:37  Protoss Ground Weapons Level 2 (Chrono Boost)  
  86  6:41  Probe  
  87  6:48  Probe  
  87  6:50  Pylon  
  88  6:56  Gateway x2  
  88  6:59  Gateway  
  88  7:00  Probe x2  
  90  7:02  Gateway  
  90  7:03  Gateway, Assimilator  
  90  7:13  Nexus  
  90  7:21  Templar Archives  
  90  7:22  Probe, Pylon  
  91  7:26  Zealot x3  
  91  7:27  Zealot  
  99  7:32  Warp Prism (Chrono Boost)  
  99  7:33  Zealot  
  103  7:48  Zealot  
  103  7:49  Zealot x3  
  111  7:52  Probe x2  
  111  7:53  Observer, Probe  
  114  8:01  High Templar x3  
  114  8:02  High Templar, Zealot  
  124  8:05  Archon  
  124  8:06  Archon  
  124  8:07  Pylon  
  124  8:08  Observer, Pylon  
  124  8:24  Probe  
  124  8:25  Probe x2  
  124  8:26  Probe, Photon Cannon  
  128  8:27  Zealot x6  
  128  8:28  Assimilator  
  140  8:36  Probe  
  140  8:37  Probe x2  
  140  8:39  Charge (Chrono Boost)  
  140  8:40  Probe  
  144  8:48  Probe  
  144  8:49  Assimilator  
  144  8:51  Photon Cannon  
  144  8:53  Assimilator  
  144  8:54  Photon Cannon, Assimilator  
  145  8:57  Pylon  
  145  8:58  Photon Cannon  
  145  9:01  Immortal  
  149  9:03  Dark Shrine  
  149  9:12  Probe  
  149  9:14  Photon Cannon  
  149  9:15  Shield Battery  
  150  9:17  Photon Cannon  
  150  9:23  High Templar x2  
  150  9:24  High Templar x2, Zealot  
  156  9:25  Zealot x2  
  156  9:28  Pylon  
  156  9:29  Archon x2, Pylon, Protoss Ground Weapons Level 3 (Chrono Boost)  
  164  9:31  Pylon  
  164  9:34  Photon Cannon  
  164  9:39  Robotics Bay  
  164  9:50  Nexus  
  164  9:51  Pylon  
  161  10:03  Stalker x2  
  165  10:08  Probe  
  165  10:11  Robotics Facility  
  165  10:12  Robotics Facility  
  166  10:15  Zealot x2  
  166  10:20  Dark Templar x2  
  166  10:21  Dark Templar x3  
  180  10:34  Observer  
  180  10:35  Shadow Stride (Chrono Boost)  
  181  10:36  Photon Cannon  
  181  10:38  Photon Cannon  
  181  10:39  Shield Battery  
  181  10:43  Pylon  
  181  10:46  Assimilator  
  181  10:47  Assimilator  
  181  10:51  Pylon  
  181  11:04  Zealot x7  
  184  11:06  Disruptor x2  
  198  11:14  Disruptor  
  171  11:34  Probe  
  171  11:35  Probe  
  171  11:36  Probe  
  174  11:40  Stargate, Dark Templar x4, Fleet Beacon  
  174  11:41  Zealot x4  
  174  11:42  Disruptor, Zealot  
  174  11:43  Gravitic Boosters (Chrono Boost)  
  195  11:50  Disruptor  
  188  12:21  Disruptor  
  185  12:26  Zealot  
  185  12:27  Zealot x7  
  181  12:40  Disruptor (Chrono Boost)  
  163  12:44  Observer  
  156  12:52  Tempest (Chrono Boost), Mothership  
  156  12:55  Stalker x5  
  156  12:56  Stalker x5  
  191  13:08  Observer (Chrono Boost)  
  191  13:10  Observer (Chrono Boost), Stargate  
  191  13:11  Stargate  
  191  13:14  Protoss Air Weapons Level 1  
  189  13:33  Oracle (Chrono Boost)  
  191  14:01  Tempest (Chrono Boost)  
  181  14:10  Disruptor  
  175  14:17  Tempest (Chrono Boost)  
  175  14:18  Tempest (Chrono Boost)  
  175  14:21  Protoss Shields Level 1 (Chrono Boost)  
  175  14:36  Dark Templar x9  
  181  14:43  Probe  
  181  14:45  Disruptor x2  
  188  14:52  Nexus  
  188  15:02  Disruptor  
  191  15:08  Tempest  
  189  15:20  Disruptor  
  186  15:33  Tempest x2  
  192  15:39  Pylon  
  192  15:42  Assimilator  
  192  15:44  Protoss Air Weapons Level 2 (Chrono Boost), Assimilator  
  192  15:45  Stalker x4  
  192  15:46  Pylon  
  193  16:03  Disruptor  
  193  16:04  Disruptor  
  194  16:06  Stalker x2  
  194  16:10  Zealot  
  164  16:27  Stalker x7  
  164  16:28  Probe x2  
  169  16:35  Mothership  
  169  16:39  Photon Cannon  
  177  16:41  Photon Cannon  
  177  16:42  Photon Cannon, Protoss Shields Level 2 (Chrono Boost)  
  177  16:43  Zealot x3  
  177  16:44  Shield Battery  
  177  16:45  Probe  
  184  16:48  Oracle, Shield Battery  
  184  16:49  Shield Battery  
  184  16:51  Photon Cannon  
  184  16:52  Photon Cannon  
  187  16:54  Pylon  
  182  17:06  Tempest  
  187  17:10  Dark Templar x6  
  199  17:31  Observer  
  198  17:46  Zealot  
  174  18:20  Disruptor  
  174  18:22  Tempest x2  
  166  18:35  Dark Templar x3  
  166  18:36  Dark Templar, Stalker x6  
  166  18:37  Probe x2  
  166  18:38  Probe  
  166  18:41  Tempest  
  194  18:52  Observer  
  194  18:53  Nexus  
  189  19:00  Stalker x6  
  196  19:02  Pylon  
  196  19:04  Unknown  
  196  19:08  Pylon  
  166  19:22  Stalker x4  
  156  19:31  Stalker x6  
  149  19:41  Disruptor x2  
  149  19:43  Tempest (Chrono Boost)  
  154  19:48  Photon Cannon  
  154  19:49  Protoss Shields Level 3 (Chrono Boost)  
  154  19:50  Photon Cannon  
  154  19:52  Tempest x2 (Chrono Boost), Photon Cannon  
  154  19:53  Shield Battery  
  154  19:54  Shield Battery  
  154  19:57  Shield Battery  
  154  20:03  Zealot x4  
  154  20:04  Zealot x4  
  154  20:06  Protoss Air Weapons Level 3 (Chrono Boost)  
  168  20:19  Tempest  
  173  20:27  Tempest  
  173  20:28  Tempest  
  183  20:42  Nexus  
  181  21:01  Tempest  
  181  21:02  Observer, Dark Templar x3  
  187  21:34  Probe  
  187  21:37  Pylon  
  187  21:39  Pylon  
  188  21:45  Mothership  
  186  21:47  Nexus  
  186  21:48  Pylon  
  185  21:57  Zealot x6  
  185  21:58  Zealot x2  
  193  22:02  Disruptor  
  174  22:31  Disruptor  
  167  22:40  Probe x2  
  167  22:42  Probe  
  166  22:54  Observer  
  166  22:57  Photon Cannon x2  
  167  23:00  Nexus  
  162  23:16  Tempest x3  
  172  23:29  Dark Templar x10  
  190  23:53  Nexus  
  190  23:59  Tempest  
  188  24:05  Oracle  
  188  24:08  Pylon, Protoss Ground Armor Level 1 (Chrono Boost)  
  191  24:11  Assimilator  
  191  24:14  Assimilator  
  191  24:21  Protoss Air Armor Level 1 (Chrono Boost)  
  191  24:24  Zealot x4  
  187  24:34  Zealot  
  187  24:35  Zealot x5  
  187  24:38  Disruptor (Chrono Boost)  
  193  24:39  Disruptor (Chrono Boost)  
  198  24:49  Tempest x3  
  178  24:55  Stalker x5  
  178  24:56  Stalker x5  
  178  24:58  Observer (Chrono Boost)  
  184  25:13  Observer (Chrono Boost)  
  176  25:21  Zealot x10  
  177  25:42  Stalker x4  
  177  25:43  Stalker x6  
  159  25:58  Disruptor  
  154  26:06  Disruptor x2  
  154  26:15  Dark Templar x4  
  109  26:35  Assimilator  
  109  26:38  Observer  
  109  26:40  Disruptor  
  109  26:44  Observer  
  109  26:45  Pylon  
  112  26:52  Stalker x3  
  112  26:53  Stalker  
  120  27:07  Dark Templar  
  122  27:20  Observer  
  123  27:29  Photon Cannon  
  122  27:30  Photon Cannon, Shield Battery  
  122  27:31  Shield Battery  
  122  27:36  Pylon  
  122  27:40  Zealot x9  
  122  27:41  Zealot